 Dungeon Crawl Stone Soup version 0.30-a0-726-gd89dcf765f (webtiles) character file.

Game seed: 9288221740274746853

7963 avis the Nimble (level 10, -27/86 HPs)
             Began as a Demigod Hunter on Jan 29, 2023.
             Annihilated by a minotaur
             ... wielding a +1 quarterstaff of speed
              (31 damage)
             ... in a Gauntlet.
             The game lasted 00:46:24 (8518 turns).

avis the Nimble (Demigod Hunter)                    Turns: 8518, Time: 00:46:25

Health: -27/86     AC:  9    Str: 12    XL:     10   Next: 74%
Magic:  19/22      EV: 30    Int: 13    God:
Gold:   436        SH:  0    Dex: 35    Spells: 7/9 levels left

rFire   + . .      SeeInvis .    a - +2 sling (elec)
rCold   + + .      Faith    .    (no shield)
rNeg    . . .      Spirit   .    t - +2 robe {rC+ rF+}
rPois   .          Reflect  .    K - +1 helmet of Lust {rC+ MP+9 Int+2}
rElec   .          Harm     .    (no cloak)
rCorr   .          Rampage  .    (no gloves)
Will    +....      NoTele   +    x - +2 pair of boots
Stlth   +++                      z - amulet of the acrobat
HPRegen 0.34/turn                l - +6 ring of dexterity
MPRegen 0.18/turn                v - +5 ring of evasion

@: very slightly contaminated
A: high MP 1, forlorn, divine attributes
a: no special abilities


You were in a Gauntlet.
You visited 3 branches of the dungeon, and saw 10 of its levels.
You also visited: Gauntlet.

You collected 436 gold pieces.

Inventory:

Hand Weapons
 a - a +2 sling of electrocution (weapon)
 b - a +2 dagger of venom
 n - a +2 battleaxe of venom
 w - a +1 dagger of holy wrath
Missiles
 r - 39 poisoned darts
Armour
 q - a +3 ring mail
 t - a +2 robe of resistance (worn)
 x - a +2 pair of boots (worn)
 F - +0 steam dragon scales
 H - a +0 helmet
 J - an orb of mayhem
 K - the +1 helmet of Lust (worn) {rC+ MP+9 Int+2}
   (You found it in a Gauntlet)

   Int:       It affects your intelligence (+2).
   rC:        It protects you from cold.
   MP:        It affects your magic capacity (+9).
Magical Staves
 c - a staff of conjuration
 L - a staff of air
Jewellery
 l - a +6 ring of dexterity (left hand)
 v - a +5 ring of evasion (right hand)
 z - an amulet of the acrobat (around neck)
Wands
 e - a wand of polymorph (12)
 g - a wand of charming (6)
 u - a wand of flame (9)
 G - a wand of digging (7)
Scrolls
 h - 4 scrolls of fear {unknown}
 i - 3 scrolls of fog {unknown}
 k - 2 scrolls of vulnerability {unknown}
 m - 3 scrolls of immolation
 o - 6 scrolls of teleportation {unknown}
 s - a scroll of acquirement {unknown}
 y - 2 scrolls of enchant armour {unknown}
 A - a scroll of amnesia
 B - 3 scrolls of poison {unknown}
 D - a scroll of butterflies {unknown}
Potions
 d - 5 potions of curing
 f - 2 potions of invisibility
 j - a potion of cancellation
 p - a potion of lignification
 C - 2 potions of ambrosia
 E - 2 potions of might
 I - a potion of berserk rage {unknown}


   Skills:
 + Level 7.0 Fighting
 * Level 10.4 Ranged Weapons
 * Level 10.4 Dodging
 - Level 2.0 Stealth


You had 7 spell levels left.
You knew the following spells:

 Your Spells              Type           Power      Damage    Failure   Level
c - Call Imp              Summ           0%         N/A       43%         2

Your spell library contained the following spells:

 Spells                   Type           Power      Damage    Failure   Level
 Magic Dart               Conj           0%         1d3       30%         1
 Sting                    Tmut/Pois      0%         1d3       30%         1
 Ensorcelled Hibernation  Hex/Ice        0%         N/A       43%         2
 Poisonous Vapours        Pois/Air       0%         N/A       43%         2
 Searing Ray              Conj           0%         2d4       43%         2
 Dazzling Flash           Conj/Hex       0%         N/A       67%         3
 Frozen Ramparts          Ice            0%         1d1       67%         3
 Hailstorm                Conj/Ice       0%         3d3       67%         3
 Ignite Poison            Fire/Tmut/Pois 0%         N/A       67%         3
 Mephitic Cloud           Conj/Pois/Air  0%         N/A       67%         3
 Spider Form              Tmut/Pois      0%         N/A       67%         3
 Stone Arrow              Conj/Erth      0%         3d7       67%         3
 Anguish                  Hex/Necr       0%         N/A       97%         4
 Animate Armour           Summ/Erth      0%         N/A       97%         4
 Iskenderun's Mystic Bla  Conj/Tloc      0%         2d3       97%         4
 Olgreb's Toxic Radiance  Pois           0%         N/A       97%         4
 Sticky Flame             Conj/Fire      0%         2d3       97%         4
 Blade Hands              Tmut           0%         N/A       100%        5
 Iron Shot                Conj/Erth      0%         9d1       100%        6
 Starburst                Conj/Fire      0%         6d3       100%        6
 Ignition                 Fire           0%         3d3       100%        8
 Lehudib's Crystal Spear  Conj/Erth      0%         10d2      100%        8


Dungeon Overview and Level Annotations

Branches:
Dungeon (8/15)             Temple (1/1) D:7            Lair (1/5) D:8
Gauntlet (1/1)

Annotations:
D:3 1 runed translucent door, karrick's ghost, amateur GrFi
D:6 3 runed translucent doors, Bediveer's ghost, novice DsFi Gauntlet 8 transporters, 1 runed translucent door


Innate Abilities, Weirdness & Mutations

You have an increased reservoir of magic. (+10% MP)
You shall have no god before yourself.
Your divine heritage dramatically boosts your attributes as you level up.


Message History

You shoot a sling bullet. The sling bullet hits the minotaur!
The minotaur is moderately wounded.
Fire: a) +2 sling (elec)
Press: ? - help, Q - select action, (/) - cycle Shift-Dir - straight line, f/p - minotaur
Aim: a minotaur, wielding a +1 quarterstaff of speed, wearing +1 acid dragon scales, wearing the ring of Xiddul {Ice Str+4} and quivering silver javelins (moderately wounded, 77% to hit)
You shoot a sling bullet.
The sling bullet hits the minotaur but does no damage.
Lightning courses through the minotaur!
The minotaur is moderately wounded.
The minotaur throws a silver javelin.
The silver javelin completely misses you.
Aiming: Polymorph
Press: ? - help, Shift-Dir - straight line, f/p - minotaur
Aim: a minotaur, wielding a +1 quarterstaff of speed, wearing +1 acid dragon scales, wearing the ring of Xiddul {Ice Str+4} and quivering silver javelins (moderately wounded, will become a ghost moth, a yellow draconian, or a storm dragon, chance to affect: 1%)
The minotaur resists with almost no effort.
Fire: a) +2 sling (elec)
Press: ? - help, Q - select action, (/) - cycle Shift-Dir - straight line, f/p - minotaur
Aim: a minotaur, wielding a +1 quarterstaff of speed, wearing +1 acid dragon scales, wearing the ring of Xiddul {Ice Str+4} and quivering silver javelins (moderately wounded, 77% to hit)
You shoot a sling bullet.
The sling bullet completely misses the minotaur.
The minotaur hits you with a +1 quarterstaff of speed!
The minotaur misses you.
Fire: a) +2 sling (elec)
Press: ? - help, Q - select action, (/) - cycle Shift-Dir - straight line, f/p - minotaur
Aim: a minotaur, wielding a +1 quarterstaff of speed, wearing +1 acid dragon scales, wearing the ring of Xiddul {Ice Str+4} and quivering silver javelins (moderately wounded, 77% to hit)
You shoot a sling bullet.
The sling bullet barely misses the minotaur.
The minotaur hits you with a +1 quarterstaff of speed!!
The minotaur gores you.
Casting: Call Imp (dangerous; 43% risk of failure)
Confirm with . or Enter, or press ? or * to list all spells.
You miscast Call Imp.
You are very lightly contaminated with residual magic.
Nothing appears to happen.
The minotaur hits you with a +1 quarterstaff of speed!!
* * * LOW HITPOINT WARNING * * *
The minotaur gores you.
* * * LOW HITPOINT WARNING * * *
The minotaur hits you with a +1 quarterstaff of speed!!
You die...

.. ### . .. .## #. ..# #.##.# #
#..#.# #⌠ ##...# #.###.###.#.#
#......H@.#.# ###########.#
#.........# #######.########
................ ♣.♣.©.©.©.©.♣.♣
................ ##
##################### ### ###
≈###≈###...........###≈###≈###≈##


You could see a minotaur.

Vanquished Creatures
  A tengu warrior (Gauntlet)
  A rime drake (D:8)
  A komodo dragon (Lair:1)
  2 tengu conjurers (Gauntlet)
  2 shadows (Gauntlet)
  13 yaks
  A wyvern (Lair:1)
  Grum (Lair:1)
  2 steam dragons
  Menkaure (D:6)
  A large abomination (Gauntlet)
  2 small abominations (Gauntlet)
  2 water moccasins
  8 ice beasts
  6 wolves
  2 centaurs
  A phantom (D:4)
  4 kobold brigands
  2 scorpions (D:6)
  5 bullfrogs
  A necrophage (D:7)
  A gnoll sergeant (D:6)
  4 wights (D:7)
  2 quasits (D:6)
  A jelly (D:8)
  An orc priest (D:5)
  3 hounds
  Jessica (D:3)
  Natasha (thrice) (D:3)
  An iguana (D:5)
  2 orc wizards
  4 gnolls (D:6)
  6 adders
  3 shadow imps
  2 white imps
  2 ufetubi (D:6)
  6 worms
  5 dart slugs
  13 orcs
  8 endoplasms
  3 giant cockroaches
  8 goblins
  8 hobgoblins
  29 kobolds
  4 quokkas
  9 ball pythons
  8 bats
  4 rats
200 creatures vanquished.

Notes
Turn   | Place    | Note
-------+----------+-------------------------------------------
     0 | D:1      | avis the Demigod Hunter began the quest for the Orb.
     0 | D:1      | Reached XP level 1. HP: 17/17 MP: 3/3
    25 | D:1      | Got the Quarto of Satyriasis
    49 | D:1      | Reached skill level 1 in Stealth
   258 | D:1      | Reached XP level 2. HP: 16/24 MP: 4/4
   569 | D:1      | Reached XP level 3. HP: 29/29 MP: 5/5
  1674 | D:3      | Noticed Natasha
  1676 | D:3      | Killed Natasha
  1677 | D:3      | Reached XP level 4. HP: 36/36 MP: 6/6
  1723 | D:3      | Noticed Natasha
  1732 | D:3      | Killed Natasha
  1797 | D:3      | Noticed Natasha
  1803 | D:3      | Killed Natasha
  1820 | D:3      | Reached XP level 5. HP: 34/41 MP: 7/7
  2105 | D:3      | Found a runed translucent door.
  2107 | D:3      | Noticed karrick's ghost (amateur GrFi)
  2190 | D:3      | Noticed Jessica
  2195 | D:3      | Killed Jessica
  3155 | D:4      | Reached XP level 6. HP: 35/50 MP: 8/8
  3467 | D:5      | Entered Level 5 of the Dungeon
  3751 | D:5      | Reached skill level 5 in Ranged Weapons
  3751 | D:5      | Reached skill level 5 in Dodging
  4390 | D:5      | Reached XP level 7. HP: 57/57 MP: 9/9
  4438 | D:6      | Noticed Menkaure
  4441 | D:6      | Killed Menkaure
  4807 | D:6      | Noticed a steam dragon
  4811 | D:6      | Killed a steam dragon
  4812 | D:6      | Reached XP level 8. HP: 66/66 MP: 10/10
  5048 | D:6      | You fall into a shaft and drop 2 floors!
  5142 | D:7      | Found a staircase to the Ecumenical Temple.
  5147 | Temple   | Entered the Ecumenical Temple
  5340 | D:6      | Noticed Bediveer's ghost (novice DsFi)
  5341 | D:6      | Found a runed translucent gate.
  5341 | D:6      | Found a runed translucent gate.
  5341 | D:6      | Found a runed translucent gate.
  5341 | D:6      | Noticed a slime creature
  5856 | D:6      | Reached skill level 5 in Fighting
  5886 | D:7      | Reached XP level 9. HP: 68/74 MP: 11/11
  6494 | D:8      | Noticed a rime drake
  6523 | D:8      | Found a staircase to the Lair.
  6536 | D:8      | Killed a rime drake
  6767 | D:8      | Reached XP level 10. HP: 82/83 MP: 13/13
  7205 | Lair:1   | Entered Level 1 of the Lair of Beasts
  7260 | Lair:1   | Noticed Grum
  7274 | Lair:1   | Killed Grum
  7332 | Lair:1   | Found a gate leading to a gauntlet.
  7343 | Gauntlet | Entered a Gauntlet
  7343 | Gauntlet | Found a transporter.
  7346 | Gauntlet | Found a transporter.
  7348 | Gauntlet | Found a transporter.
  7352 | Gauntlet | Found a runed translucent door.
  7352 | Gauntlet | Found a runed translucent door.
  7353 | Gauntlet | Noticed a tengu warrior
  7364 | Gauntlet | Found a transporter.
  7366 | Gauntlet | Found a transporter.
  7375 | Gauntlet | Noticed a death drake
  7380 | Gauntlet | Found a transporter.
  7390 | Gauntlet | Found a transporter.
  7395 | Gauntlet | Noticed a large abomination
  7397 | Gauntlet | Found a transporter.
  7416 | Gauntlet | Found a transporter.
  7422 | Gauntlet | Found a transporter.
  7448 | Gauntlet | Found a transporter.
  7448 | Gauntlet | Found a transporter.
  7456 | Gauntlet | Noticed a death scarab
  7471 | Gauntlet | Found a runed translucent door.
  7476 | Gauntlet | Noticed a death scarab
  7478 | Gauntlet | Found a transporter.
  7479 | Gauntlet | Noticed a spectral death yak
  7482 | Gauntlet | Found a transporter.
  7656 | Gauntlet | Reached skill level 10 in Ranged Weapons
  7659 | Gauntlet | Reached skill level 10 in Dodging
  7724 | Gauntlet | HP: 4/84 [poisoned by a tengu warrior]
  7726 | Gauntlet | Killed a tengu warrior
  8066 | Gauntlet | Identified the +1 helmet of Lust {rC+ MP+9 Int+2}
  8369 | Gauntlet | Learned a level 2 spell: Call Imp
  8382 | Gauntlet | Identified the ring of Xiddul {Ice Str+4}
  8382 | Gauntlet | Noticed a minotaur
  8518 | Gauntlet | HP: 4/86 [minotaur/+1 quarterstaff of speed (6)]
  8518 | Gauntlet | Annihilated by a minotaur

Illustrated notes

Levels and vault maps discovered:
D:1:      ncdulo_halloftheorcs, layout_basic
D:2:      layout_loops_cross, basic_altar
D:3:      layout_basic, hellmonk_ecumenical_altar_blasted,
          ebering_ghost_reflecting_pool, uniq_natasha, uniq_jessica
D:4:      nicolae_BIG_FREAKIN_CUBE, layout_basic
D:5:      layout_loops_corners
D:6:      layout_gridville, gammafunk_ghost_split, uniq_menkaure
D:7:      layout_cave_pools, minmay_temple_entry_glassed_door, serial_demonic,
          serial_demonic_f, serial_demonic_f, serial_demonic_e, serial_demonic_g
D:8:      layout_loops_ring, fiery_altar_vehumet, hellmonk_lair_entry_icy
Temple:   mainiacjoe_temple_cubbyholes
Lair:1:   layout_cave_pods, gauntlet_entry_generic, uniq_grum
Gauntlet: minmay_gauntlet_77_tree [minmay_gauntlet_arena_77_braids,
          minmay_gauntlet_arena_77_shame_cube, minmay_gauntlet_arena_77_fan,
          minmay_gauntlet_arena_77_chump_sandwich,
          minmay_gauntlet_arena_77_radiant_squares,
          minmay_gauntlet_arena_77_path, minmay_gauntlet_arena_77_double_cross,
          dreamdust_gauntlet_exit_labyrinth]

Skill      XL: |  1  2  3  4  5  6  7  8  9 10 |
---------------+-------------------------------+-----
Stealth        | 1 2 |  2.0
Fighting       | 2 3 4 5 6 7 |  7.0
Dodging        | 2 3 4 5 6 7 9 10 | 10.4
Ranged Weapons | 4 5 6 7 9 10 | 10.4

Action                     |  1- 3 |  4- 6 |  7- 9 | 10-12 || total
---------------------------+-------+-------+-------+-------++-------
   Fire: Shortbow          |   106 |       |       |       ||   106
         Sling             |    11 |   113 |   267 |   141 ||   532
   Cast: Call Imp          |       |       |       |     1 ||     1
  Evoke: Wand              |       |       |       |     1 ||     1
    Use: Scroll            |       |       |     9 |     3 ||    12
         Potion            |       |       |       |     2 ||     2
 Armour: Leather armour    |    19 |     8 |       |       ||    27
         Robe              |       |     6 |    19 |    15 ||    40
  Dodge: Dodged            |    34 |    37 |   140 |   199 ||   410

Table legend: (Time is in decaauts)
 A = Elapsed time spent in this place.
 B = Non-inter-level travel time spent in this place.
 C = Inter-level travel time spent in this place.
 D = Time resting spent in this place.
 E = Time spent auto-exploring this place.
 F = Levels seen in this place.
 G = Mean time per level.
                   A        B        C        D        E       F      G
               +--------+--------+--------+--------+--------+-----+--------+
         Total |   8585 |   7552 |   1033 |   1442 |   3717 |  11 |  780.5 |
       Dungeon |   7255 |   6223 |   1032 |    778 |   3717 |   8 |  906.9 |
        Temple |     27 |     26 |      1 |      0 |      0 |   1 |   27.0 |
          Lair |    135 |    135 |      0 |      0 |      0 |   1 |  135.0 |
      Gauntlet |   1167 |   1167 |      0 |    664 |      0 |   1 | 1167.0 |
               +--------+--------+--------+--------+--------+-----+--------+

Top non-repeatable levels by time:
     D:6: 1294 daAuts
Gauntlet: 1167 daAuts
     D:3: 1051 daAuts
     D:1: 983 daAuts
     D:4: 941 daAuts
     D:5: 871 daAuts
     D:8: 772 daAuts
     D:2: 706 daAuts
     D:7: 635 daAuts
  Lair:1: 135 daAuts
  Temple: 27 daAuts
